 Dungeon Crawl Stone Soup version 0.28.0-47-ge53b351184 (webtiles) character file.

Game seed: 12938969601832169272

12314 bobregger the Warrior (level 11, -8/199 HPs)
             Began as an Ogre Berserker on Apr 29, 2022.
             Was a Priest of Trog.
             Killed by refrigeration
             ... invoked by Fannar
              (29 damage)
             ... on level 10 of the Dungeon.
             The game lasted 00:23:52 (22780 turns).

bobregger the Warrior (Ogre Berserker)             Turns: 22780, Time: 00:23:52

Health: -8/199     AC:  5    Str: 23    XL:     11   Next: 91%
Magic:  11/11      EV: 14    Int:  8    God:    Trog [***...]
Gold:   413        SH:  5    Dex: 12    Spells: 10/10 levels left

rFire   . . .      SeeInvis .   e - +4 flail
rCold   . . .      Faith    .   (no shield)
rNeg    . . .      Spirit   .   a - +2 robe {Will+}
rPois   .          Reflect  +   (helmet restricted)
rElec   .          Harm     .   (no cloak)
rCorr   .          Rampage  .   (gloves unavailable)
Will    +++..                   (boots unavailable)
Stlth   ..........              d - amulet of reflection
HPRegen 0.43/turn               p - ring of willpower
MPRegen 0.12/turn               (no ring)

@: berserking (expiring), very quick
A: large, unfitting armour, tough skin 1
a: Renounce Religion, Berserk, Trog's Hand


You were on level 10 of the Dungeon.
You worshipped Trog.
Trog was most pleased with you.
You visited 2 branches of the dungeon, and saw 11 of its levels.

You collected 510 gold pieces.
You spent 97 gold pieces at shops.

Inventory:

Hand Weapons
 e - a +4 flail (weapon)
 w - a +0 giant spiked club
Missiles
 g - 2 throwing nets (quivered)
Armour
 a - a +2 robe of willpower (worn)
Jewellery
 d - an amulet of reflection (around neck)
 p - a ring of willpower (left hand)
 s - a ring of ice
Wands
 b - a wand of polymorph (8)
 c - a wand of digging (12)
 m - a wand of acid (7)
 q - a wand of iceblast (10)
 A - a wand of flame (13)
Scrolls
 f - 5 scrolls of identify
 i - 2 scrolls of magic mapping
 o - a scroll of fog
 r - 5 scrolls of teleportation
 B - 2 scrolls of enchant armour
Potions
 j - 4 potions of flight
 k - a potion of magic
 l - 2 potions of degeneration {unknown}
 n - a potion of ambrosia {unknown}
 t - a potion of berserk rage {unknown}
 u - a potion of curing
 v - a potion of resistance {unknown}
 z - 2 potions of haste
 C - a potion of mutation {unknown}


   Skills:
 * Level 15.6 Fighting
 + Level 8.2 Maces & Flails
 * Level 11.3 Dodging


You had 10 spell levels left.
You didn't know any spells.
Your spell library was empty.

Dungeon Overview and Level Annotations

Branches:
Dungeon (10/15)            Temple (0/1) D:4            Lair (1/6) D:10
    Orc (0/2) D:9

Altars:
Fedhas
Hepliaklqana
Nemelex Xobeh
Ru
Sif Muna
Wu Jian
Yredelemnul
Lugonu

Shops:
D:6 ?   D:7 ?

Annotations:
D:9 2 transporters
D:10 Fannar


Innate Abilities, Weirdness & Mutations

You are too large for most types of armour.
You have tough skin. (AC +1)


Message History

The two-headed ogre is almost dead.
The two-headed ogre hits you with a +0 giant spiked club!!
The two-headed ogre hits you with a +0 giant club!
You sock the two-headed ogre!
You kill the two-headed ogre!
Trog accepts your kill.
Your life force feels restored.
You bludgeon Fannar!!
Fannar is moderately wounded.
Fannar gestures wildly while chanting.
Fannar drains the heat from the surrounding environment!
You closely miss Fannar.
Fannar is moderately wounded.
Fannar casts a spell.
Fannar drains the heat from the surrounding environment!
* * * LOW HITPOINT WARNING * * *
You bludgeon Fannar!!
Fannar is heavily wounded.
Fannar misses you.
You closely miss Fannar.
Fannar is heavily wounded.
Fannar hits you with a +0 quarterstaff of freezing!
* * * LOW HITPOINT WARNING * * *
Fannar freezes you.
* * * LOW HITPOINT WARNING * * *
You thump Fannar!
Fannar is heavily wounded.
Fannar hits you with a +0 quarterstaff of freezing!
* * * LOW HITPOINT WARNING * * *
Fannar freezes you.
* * * LOW HITPOINT WARNING * * *
You bludgeon Fannar!!
Fannar is almost dead.
Fannar casts a spell at you. The bolt of cold misses you.
You hit Fannar but do no damage.
Fannar is almost dead.
Fannar casts a spell.
Fannar drains the heat from the surrounding environment!
You die...

###. ..# ... ... ##
###.## .#. ... #.#
#e# #.####.###@#
#........).#
#..##...#######.
#..##..#...≈... ...
#..##....#...#....#
#..##...##P..##...#
#..#..#....P....#
#.....#≈...>P..≈#
#..#..#.).......#


You could see Fannar (fast).

Vanquished Creatures
  3 two-headed ogres
  Nergalle (D:10)
  Sonja (D:10)
  Pikel (D:7)
  A cyclops (D:7)
  Joseph (D:7)
  A kobold demonologist (D:10)
  The ghost of Atherized the Chopper, an amateur MiBe of Trog (D:6)
  A hornet (D:9)
  A troll (D:10)
  A shadow (D:9)
  14 yaks
  Menkaure (D:6)
  A water moccasin (D:9)
  The ghost of joshe the Magician, an amateur DENe (D:4)
  A necrophage (D:6)
  3 ogres
  A black bear (D:6)
  8 orc warriors
  An ice beast (D:5)
  3 centaurs
  A phantom (D:6)
  3 lemures (D:7)
  3 kobold brigands
  7 bullfrogs
  2 water moccasin zombies
  2 water moccasin skeletons
  2 electric eels (D:9)
  6 howler monkeys
  7 wights
  A bullfrog zombie (D:5)
  4 centaur zombies
  3 gnoll shamans
  2 hounds
  3 jellies
  2 bullfrog skeletons (D:6)
  4 orc priests
  2 centaur skeletons (D:4)
  3 iguanas
  6 scorpion zombies
  11 orc wizards
  2 hound zombies (D:4)
  A hound skeleton (D:4)
  2 howler monkey zombies (D:9)
  18 gnolls
  5 adders
  A howler monkey skeleton (D:7)
  2 white imps
  An ufetubus (D:6)
  6 adder zombies (D:4)
  An adder skeleton (D:5)
  3 worms
  2 dart slugs
  39 orcs
  6 ball pythons
  8 bats
  7 endoplasms
  2 giant cockroaches
  7 goblins
  5 hobgoblins
  2 jackals (D:2)
  29 kobolds
  3 quokkas
  A frilled lizard (D:3)
  A jackal skeleton (D:4)
  2 quokka zombies (D:4)
  9 rats
  A spectral goblin (D:5)
287 creatures vanquished.

Vanquished Creatures (others)
  A fungus (Lair:1)
  23 plants
24 creatures vanquished.

Grand Total: 311 creatures vanquished

Notes
Turn   | Place    | Note
-------+----------+-------------------------------------------
     0 | D:1      | bobregger the Ogre Berserker began the quest for the Orb.
     0 | D:1      | Reached XP level 1. HP: 24/24 MP: 1/1
   344 | D:1      | Reached XP level 2. HP: 32/32 MP: 2/2
  1127 | D:1      | Reached XP level 3. HP: 40/40 MP: 3/3
  1897 | D:2      | Noticed an ogre
  1904 | D:2      | Killed an ogre
  1905 | D:2      | Reached skill level 5 in Fighting
  1905 | D:2      | Reached XP level 4. HP: 52/52 MP: 4/4
  1905 | D:2      | Reached XP level 5. HP: 59/59 MP: 5/5
  2121 | D:2      | Reached ** piety under Trog
  2365 | D:2      | Reached skill level 6 in Fighting
  2741 | D:2      | Found a faded altar of an unknown god.
  3645 | D:3      | Reached XP level 6. HP: 47/67 MP: 6/6
  5187 | D:4      | Reached skill level 7 in Fighting
  5285 | D:4      | Reached XP level 7. HP: 34/78 MP: 7/7
  5361 | D:4      | Reached skill level 5 in Dodging
  6181 | D:4      | Reached *** piety under Trog
  6396 | D:4      | Found a staircase to the Ecumenical Temple.
  6435 | D:4      | Reached skill level 8 in Fighting
  7462 | D:4      | Found a large runed translucent door.
  7462 | D:4      | Found a large runed translucent door.
  7468 | D:4      | Noticed joshe's ghost (amateur DENe)
  8044 | D:4      | Killed joshe's ghost
  8045 | D:4      | Reached XP level 8. HP: 89/89 MP: 8/8
  8131 | D:5      | Entered Level 5 of the Dungeon
  8535 | D:5      | Reached skill level 9 in Fighting
  8983 | D:5      | Found a hazy altar of Hepliaklqana.
  9049 | D:5      | Found a hazy altar of Hepliaklqana.
  9150 | D:5      | Found an ornate altar of the Wu Jian Council.
  9154 | D:5      | Found a sparkling altar of Nemelex Xobeh.
  9155 | D:5      | Found a shimmering blue altar of Sif Muna.
  9155 | D:5      | Found a sacrificial altar of Ru.
  9157 | D:5      | Found a basalt altar of Yredelemnul.
  9160 | D:5      | Found a blossoming altar of Fedhas.
  9482 | D:5      | Reached skill level 5 in Maces & Flails
 10286 | D:6      | Reached skill level 10 in Fighting
 10299 | D:6      | Reached XP level 9. HP: 58/101 MP: 9/9
 10487 | D:6      | Noticed Menkaure
 10497 | D:6      | Killed Menkaure
 11037 | D:6      | Found Ciwei's Magic Scroll Boutique.
 11040 | D:6      | Bought a scroll of enchant armour for 97 gold pieces
 11384 | D:6      | Reached skill level 11 in Fighting
 11977 | D:6      | Found a runed translucent door.
 12028 | D:6      | Noticed Atherized's ghost (amateur MiBe)
 12068 | D:6      | HP: 3/105 [bullfrog (4)]
 12109 | D:6      | Killed Atherized's ghost
 13388 | D:7      | Reached skill level 12 in Fighting
 13388 | D:7      | Reached XP level 10. HP: 100/115 MP: 10/10
 13407 | D:7      | Noticed Joseph
 13425 | D:7      | Killed Joseph
 14700 | D:7      | Found Dirupixu's Magic Scroll Boutique.
 15007 | D:7      | Noticed a cyclops
 15022 | D:7      | Killed a cyclops
 15686 | D:7      | Noticed Pikel
 15695 | D:7      | Killed Pikel
 15696 | D:7      | Reached skill level 13 in Fighting
 16943 | D:7      | HP: 1/111 [yak (12)]
 18245 | D:8      | Reached skill level 10 in Dodging
 18245 | D:8      | Reached XP level 11. HP: 53/128 MP: 11/11
 18517 | D:9      | Reached skill level 14 in Fighting
 19806 | D:9      | Found a staircase to the Orcish Mines.
 20739 | D:9      | Found a transporter.
 20740 | D:9      | Found a corrupted altar of Lugonu.
 20881 | D:9      | Noticed a two-headed ogre
 20892 | D:9      | Killed a two-headed ogre
 20903 | D:9      | Reached **** piety under Trog
 21233 | D:9      | Found a transporter.
 21233 | D:9      | Noticed a red ugly thing
 21234 | D:9      | Noticed a brown ugly thing
 21775 | D:10     | Entered Level 10 of the Dungeon
 21947 | D:10     | Noticed a two-headed ogre
 21956 | D:10     | Killed a two-headed ogre
 21957 | D:10     | Reached skill level 15 in Fighting
 22126 | D:10     | Noticed Nergalle
 22132 | D:10     | Found a staircase to the Lair.
 22143 | D:10     | Killed Nergalle
 22214 | D:10     | Noticed Sonja
 22220 | Lair:1   | Entered Level 1 of the Lair of Beasts
 22567 | D:10     | Killed Sonja
 22765 | D:10     | Noticed a two-headed ogre
 22766 | D:10     | Noticed Fannar
 22773 | D:10     | Killed a two-headed ogre
 22780 | D:10     | Killed from afar by Fannar

Illustrated notes

Levels and vault maps discovered:
D:1:      ncdulo_smallfort, layout_basic, serial_bayou, serial_bayou_ford_a,
          serial_bayou_shore_a, serial_bayou_shore_b, serial_bayou_lagoon_b
D:2:      minmay_kobold_bridge, layout_basic, serial_corexii_hall,
          corexii_hall_statues_i, corexii_hall_statues_s,
          shapermc_ecumenical_altar_totnotflames, kennysheep_decorative_pillar,
          minmay_heptomino_o4
D:3:      layout_basic, grunt_ministairs_1
D:4:      layout_loops_ring, minmay_temple_entry_overgrown, serial_undead,
          serial_undead_a, serial_undead_d, serial_undead_a, serial_undead_a,
          serial_undead_c, serial_undead_b, serial_undead_a,
          ebering_ghost_disaster_area, chequers_big_river
D:5:      layout_loops_ring, minitemple, nicolae_hepliaklqana_monster_ancestors,
          nicolae_ossuary_entry_monument, kennysheep_flooded_box
D:6:      nicolae_cairo_tiling, layout_loops_ring, ebering_ghost_sewer_d,
          cheibrodos_sewer_entry_bend, serial_shops, nicolae_shop_behind_doors,
          uniq_menkaure
D:7:      layout_layer_cave, serial_shops, shop, uniq_joseph, uniq_pikel
D:8:      layout_cave_pools, minmay_misc_feat_ornament,
          hangedman_decor_slide_cut, nrook_pool_corridor
D:9:      gammafunk_corrupted_shrine, layout_small_grid, erik_orc_2,
          grunt_decor_one_mirror
D:10:     layout_loops_ring, dpeg_oklobed_lair, serial_shops, shop,
          nicolae_shop_statue_plus, uniq_fannar, uniq_sonja, uniq_nergalle
Lair:1:   layout_regular_city, uniq_harold

Skill      XL: |  1  2  3  4  5  6  7  8  9 10 11 |
---------------+----------------------------------+-----
Dodging        | 3 4 5 7 8 10 11 | 11.3
Maces & Flails | 3 4 5 6 7 8 |  8.2
Fighting       | 5 6 7 8 10 12 13 15 | 15.6

Action                   |  1- 3 |  4- 6 |  7- 9 | 10-12 || total
-------------------------+-------+-------+-------+-------++-------
Melee: Mace              |    88 |   176 |   510 |    93 ||   867
       Punch             |     1 |     2 |    12 |    10 ||    25
       Flail             |       |       |       |   385 ||   385
Invok: Berserk           |     3 |     3 |    14 |    17 ||    37
       Trog's Hand       |       |       |     1 |     2 ||     3
Evoke: Wand              |       |       |       |     5 ||     5
  Use: Scroll            |       |       |    13 |     5 ||    18
       Potion            |       |       |     7 |     4 ||    11
 Stab: Sleeping          |       |     1 |     3 |       ||     4
       Invisible         |       |       |     3 |       ||     3
Armor: Animal skin       |    48 |   111 |   114 |    93 ||   366
       Skin              |       |       |    15 |       ||    15
Dodge: Dodged            |    54 |   177 |   323 |   359 ||   913
Block: Other             |       |       |    87 |   149 ||   236
       Reflection        |       |       |       |     8 ||     8
